 Dungeon Crawl Stone Soup version 0.28-a0-1292-gb4563b27b3 (webtiles) character file.

Game seed: 14738829646130979589

34489 sho the Fighter (level 13, -1/145 HPs)
             Began as an Octopode Chaos Knight on Dec 27, 2021.
             Was a High Priest of Okawaru.
             Slain by a boulder beetle (43 damage)
             ... on level 12 of the Dungeon.
             The game lasted 00:36:34 (26819 turns).

sho the Fighter (Octopode Chaos Knight)            Turns: 26819, Time: 00:36:34

Health: -1/145     AC: 26    Str: 15    XL:     13   Next: 77%
Magic:  24/24      EV:  2    Int: 14    God:    Okawaru [*****.]
Gold:   873        SH:  5    Dex: 17    Spells: 7/27 levels left

rFire   . . .      SeeInvis +     - Unarmed
rCold   + + .      Faith    .   (no shield)
rNeg    . . .      Spirit   .   (helmet currently unavailable)
rPois   +          Reflect  +   B - amulet of reflection
rElec   .          Harm     .   l - +6 ring of dexterity
rCorr   .          Rampage  .   u - ring of protection from cold
Will    +....      NoTele   +   j - ring of see invisible
Stlth   +++.......              t - ring of protection from cold
HPRegen 0.34/turn               v - +4 ring of evasion
MPRegen 0.19/turn               a - ring of willpower
                                (no ring)
                                (no ring)

@: tree-form, heroic
A: stationary, stasis, torment immunity, boosted hp, almost no armour,
(amphibious), 8 rings, (camouflage 1), (gelatinous body 1), (nimble swimmer 1),
(tentacles), clumsy 1, deterioration 1, (fire resistance 1), mutation resistance
1, screaming 1
a: Renounce Religion, Heroism, Finesse, Duel


You were on level 12 of the Dungeon.
You worshipped Okawaru.
Okawaru was extremely pleased with you.
You were a tree.
You visited 2 branches of the dungeon, and saw 18 of its levels.

You collected 1168 gold pieces.
You spent 295 gold pieces at shops.

Inventory:

Missiles
 i - 7 javelins
 o - 73 poisoned darts
 A - 4 silver javelins
Jewellery
 a - a ring of willpower (on tentacle)
 j - a ring of see invisible (on tentacle)
 l - a +6 ring of dexterity (left branch)
 t - a ring of protection from cold (on tentacle)
 u - a ring of protection from cold (right branch)
 v - a +4 ring of evasion (on tentacle)
 B - an amulet of reflection (around neck)
 D - an amulet of regeneration
 J - a ring of fire
Wands
 h - a wand of flame (10) (quivered)
 m - a wand of digging (2) {@v3}
 y - a wand of polymorph (16)
Scrolls
 b - a scroll of fog
 c - 3 scrolls of immolation
 d - 3 scrolls of enchant weapon
 f - 11 scrolls of teleportation {@r3}
 g - 5 scrolls of enchant armour
 s - a scroll of blinking {@r4}
 x - 6 scrolls of magic mapping {@r5}
 E - a scroll of holy word
 F - a scroll of vulnerability {unknown}
 I - a scroll of identify {@r1}
Potions
 e - a potion of ambrosia
 k - a potion of resistance {unknown}
 p - a potion of haste {@q4}
 w - 2 potions of might {unknown}
 z - 2 potions of flight
 C - 3 potions of curing {@q1}
 G - 2 potions of lignification
Miscellaneous
 q - a phial of floods (inert)


   Skills:
 - Level 12.0(17.0) Fighting
 - Level 9.0(14.0) Dodging
 - Level 10.0(15.0) Unarmed Combat
 + Level 7.5 Spellcasting
 + Level 3.5 Translocations
 * Level 11.5 Transmutations
 - Level 5.0 Invocations
 - Level 5.0 Evocations


You had 7 spell levels left.
You knew the following spells:

 Your Spells              Type           Power      Damage    Failure   Level
a - Dragon Form           Tmut           18%        N/A       69%         7
b - Mephitic Cloud        Conj/Pois/Air  5%         N/A       38%         3
c - Blink                 Tloc           30%        N/A       4%          2
d - Lesser Beckoning      Tloc           15%        N/A       10%         3
e - Manifold Assault      Tloc           15%        N/A       65%         5

Your spell library contained the following spells:

 Spells                   Type           Power      Damage    Failure   Level
 Magic Dart               Conj           20%        1d4       14%         1
 Corpse Rot               Necr/Air       10%        N/A       21%         2
 Poisonous Vapours        Pois/Air       10%        N/A       21%         2
 Cause Fear               Hex            2%         N/A       80%         4
 Call Imp                 Summ           Unusable   N/A       N/A         2
 Dragon's Call            Summ           Unusable   N/A       N/A         9

Dungeon Overview and Level Annotations

Branches:
Dungeon (12/15)            Temple (0/1) D:7            Lair (6/6) D:11
 Shoals (0/4) Lair:2       Spider (0/4) Lair:2          Orc (0/2) D:10
  Slime: Lair:5-6

Altars:
Cheibriados
Nemelex Xobeh
Okawaru
Qazlal
Xom

Shops:
D:6 :=   D:8 *

Annotations:
D:12 2 transporters, HessuHobo's ghost, novice OgFE
Lair:3 exclusions: 2 doors and hydra
Lair:4 exclusion: oklob plant


Innate Abilities, Weirdness & Mutations

You are a tree.
Your roots penetrate the ground, keeping you stationary.
You cannot be teleported.
You are immune to unholy pain and torment.
Your maximum health is greatly increased.
You cannot wear most types of armour.
((You are amphibious.))
You can wear up to eight rings at the same time.
((Your skin changes colour to match your surroundings (Stealth+).))
((Your rubbery body absorbs attacks. (AC +1, EV +1)))
((You are camouflaged when in or above water. (Stealth+)))
((You have tentacles for arms and can constrict up to eight enemies at once.))
You are clumsy. (Dex -2)
Your body sometimes deteriorates upon taking damage.
((Your flesh is heat resistant. (rF+)))
You are somewhat resistant to further mutation.
You occasionally shout uncontrollably at your foes.


Message History

You turn into a tree.
Your roots penetrate the ground.
A brown ugly thing comes into view.
The boulder beetle bites you but does no damage.
You feel much better.
The boulder beetle leaps!
You gain the combat prowess of a mighty hero.
Throw: 74 darts (poison)
Aim: a boulder beetle (heavily wounded, unaffected by silence, covered in acid, waterlogged, 92% to hit)
Okay, then.
Aiming: Throw Flame
Aim: a boulder beetle (heavily wounded, unaffected by silence, covered in acid, waterlogged, 100% to hit)
Throw: 74 darts (poison)
Aim: a brown ugly thing (70% to hit)
You throw a poisoned dart.
The poisoned dart hits the brown ugly thing!
The brown ugly thing is poisoned.
You barely miss the brown ugly thing. You punch the brown ugly thing!
The brown ugly thing gores you but does no damage.
You thrash the brown ugly thing!!! You thrash the brown ugly thing!!!
You kill the brown ugly thing!
Okawaru accepts your kill.
Aiming: Throw Flame
Aim: a boulder beetle (heavily wounded, unaffected by silence, covered in acid, waterlogged, 100% to hit)
Aiming: Throw Flame
Okay, then.
You start resting.
A boulder beetle is nearby!
Aiming: Throw Flame
Aim: a boulder beetle (steam, severely wounded, 100% to hit)
The puff of flame hits the boulder beetle.
The boulder beetle is engulfed in a cloud of scalding steam.
The boulder beetle curls into a ball and begins rolling!
Aiming: Throw Flame
Aim: a boulder beetle (almost dead, rolling, 100% to hit)
The puff of flame hits the boulder beetle but does no damage.
Aiming: Throw Flame
Aim: a boulder beetle (severely wounded, rolling, 100% to hit)
The puff of flame hits the boulder beetle.
You smack the boulder beetle!
The boulder beetle hits you!!!
You die...

#..## #...B...... ##..#
#....[.....
.##.#####..........
..#................
.W#.######.........
.3#..# #.######## #3##.#
#.# ..
#.#####.##########... .
##.........°°B♣†(.....
###.........§...######..
#.....#######...#####
......................
......................
#######...............
#...######..####
#######...######..#
....................
....


You could see a boulder beetle (rolling).

Vanquished Creatures
  5 hydras
  3 boulder beetles
  A catoblepas (Lair:5)
  5 two-headed ogres
  Urug (Lair:2)
  3 oklob plants (D:11)
  An ugly thing (D:12)
  2 manticores
  3 black mambas
  8 elephants
  7 cane toads
  9 komodo dragons
  3 trolls (D:11)
  A polar bear (Lair:4)
  2 hornets
  3 blink frogs (Lair:4)
  9 dream sheep
  A shadow (D:7)
  3 wyverns
  Eustachio (D:4)
  A basilisk (Lair:4)
  25 yaks
  2 wraiths
  A steam dragon (Lair:4)
  4 vampire mosquitoes (D:9)
  Menkaure (D:6)
  9 water moccasins
  A sky beast (D:5)
  A black bear (D:6)
  5 orc warriors
  2 ice beasts
  5 necrophages
  3 wolves (Lair:3)
  2 ogres
  4 centaurs
  A phantom (D:6)
  6 kobold brigands
  13 bullfrogs
  A scorpion (D:4)
  2 water moccasin skeletons
  8 killer bees
  A howler monkey (D:9)
  2 centaur zombies
  2 gnoll shamans
  An iron imp (D:4)
  2 hounds (D:4)
  11 orc priests
  2 bullfrog skeletons (D:5)
  Natasha (thrice) (D:2)
  2 iguanas
  13 orc wizards
  A hound skeleton (D:5)
  A howler monkey zombie (D:10)
  15 gnolls
  5 adders
  A shadow imp (D:8)
  An ufetubus (D:5)
  5 worms
  3 dart slugs
  43 orcs
  8 bats
  6 endoplasms
  6 giant cockroaches
  8 goblins
  7 hobgoblins
  7 jackals (D:4)
  20 kobolds
  2 quokkas
  12 ball pythons
  A frilled lizard (D:2)
  7 rats
366 creatures vanquished.

Vanquished Creatures (others)
  44 fungi
  98 plants
142 creatures vanquished.

Grand Total: 508 creatures vanquished

Notes
Turn   | Place    | Note
-------+----------+-------------------------------------------
     0 | D:1      | sho the Octopode Chaos Knight began the quest for the Orb.
     0 | D:1      | Reached XP level 1. HP: 16/16 MP: 1/1
    71 | D:1      | XOM: butterfly on damage
    73 | D:1      | Reached XP level 2. HP: 15/21 MP: 2/2
   635 | D:1      | XOM: divination: detect items
   704 | D:1      | Found a faded altar of an unknown god.
   774 | D:1      | XOM: give mutations
   774 | D:1      | Gained mutation: Your flesh is heat resistant. (rF+) [Xom's
                  | grace]
   774 | D:1      | Gained mutation: Your muscles are strong. (Str +2) [Xom's
                  | grace]
   774 | D:1      | Gained mutation: You are somewhat resistant to further
                  | mutation. [Xom's grace]
   774 | D:1      | Gained mutation: You are agile. (Dex +2) [Xom's grace]
   777 | D:1      | XOM: noise
   781 | D:1      | Reached XP level 3. HP: 25/26 MP: 3/3
   970 | D:2      | Noticed Natasha
   974 | D:2      | Killed Natasha
  1002 | D:2      | Noticed Natasha
  1009 | D:2      | XOM: give mutations
  1009 | D:2      | Lost mutation: You are agile. (Dex +2) [Xom's mischief]
  1009 | D:2      | Gained mutation: You are clumsy. (Dex -2) [Xom's mischief]
  1018 | D:2      | Killed Natasha
  1019 | D:2      | Reached XP level 4. HP: 20/33 MP: 4/4
  1188 | D:2      | Noticed Natasha
  1198 | D:2      | Killed Natasha
  1542 | D:2      | XOM: draining
  1600 | D:2      | XOM is BORED!
  1600 | D:2      | XOM: give mutations
  1600 | D:2      | Gained mutation: Your body sometimes deteriorates upon
                  | taking damage. [Xom's mischief]
  1600 | D:2      | Lost mutation: You are clumsy. (Dex -2) [Xom's mischief]
  1600 | D:2      | Lost mutation: Your body sometimes deteriorates upon taking
                  | damage. [Xom's mischief]
  1616 | D:2      | Reached skill level 4 in Fighting
  1647 | D:2      | Reached XP level 5. HP: 32/32 MP: 5/5
  1681 | D:2      | XOM: give mutations
  1681 | D:2      | Lost mutation: Your muscles are strong. (Str +2) [Xom's
                  | mischief]
  1681 | D:2      | Gained mutation: You are clumsy. (Dex -2) [Xom's mischief]
  1761 | D:2      | XOM: stat loss: -1 Dex (10/11)
  2024 | D:2      | XOM: god gift: copper ring {god gift}
  2225 | D:3      | XOM: scenery: create altars
  2248 | D:3      | Reached skill level 5 in Unarmed Combat
  2355 | D:3      | Reached skill level 1 in Evocations
  2362 | D:3      | XOM: cloud trail
  2809 | D:3      | Found an iron altar of Okawaru.
  2809 | D:3      | XOM: 4-stop teleportation journey
  2846 | D:3      | XOM: 4-stop teleportation journey
  3079 | D:3      | Fell from the grace of Xom
  3079 | D:3      | Became a worshipper of Warmaster Okawaru
  3986 | D:4      | Noticed Eustachio
  4015 | D:4      | Reached XP level 6. HP: 37/44 MP: 6/6
  4491 | D:4      | Reached skill level 1 in Invocations
  4572 | D:4      | XOM: summons 2 hostile demons
  4903 | D:4      | HP: 2/44 [adder (2)]
  5211 | D:4      | Found a snail-covered altar of Cheibriados.
  5491 | D:4      | Reached skill level 5 in Fighting
  5676 | D:5      | Entered Level 5 of the Dungeon
  5717 | D:4      | Reached XP level 7. HP: 41/50 MP: 8/8
  5763 | D:4      | XOM: give mutation
  5763 | D:4      | Gained mutation: Your body sometimes deteriorates upon
                  | taking damage. [Xom's mischief]
  5792 | D:5      | XOM: noise
  5925 | D:5      | Reached * piety under Okawaru
  6269 | D:5      | Reached skill level 6 in Fighting
  6272 | D:5      | XOM: 1-stop teleportation journey
  6522 | D:6      | Reached XP level 8. HP: 58/58 MP: 7/10
  6742 | D:6      | Noticed Menkaure
  6768 | D:6      | Found Dety's Jewellery Emporium.
  6987 | D:6      | Reached skill level 7 in Fighting
  6996 | D:6      | Bought a ring of see invisible for 195 gold pieces
  7047 | D:6      | Found Simon's Book Shoppe.
  7207 | D:6      | XOM: summons 2 hostile demons
  7397 | D:6      | Killed Menkaure
  7726 | D:6      | Reached skill level 8 in Fighting
  8211 | D:5      | Reached skill level 5 in Dodging
  8578 | D:5      | Reached XP level 9. HP: 51/66 MP: 12/12
  8777 | D:5      | XOM: torment (34/66 hp)
  8958 | D:5      | Reached ** piety under Okawaru
  9007 | D:5      | XOM: noise
  9093 | D:6      | XOM: summons 5 hostile demons
  9204 | D:5      | Learned a level 7 spell: Dragon Form
  9239 | D:7      | Found a staircase to the Ecumenical Temple.
  9288 | D:7      | Noticed a four-headed hydra
  9968 | D:4      | Killed Eustachio
 10167 | D:6      | XOM: give mutation
 10167 | D:6      | Gained mutation: You occasionally shout uncontrollably at
                  | your foes. [Xom's mischief]
 10247 | D:7      | XOM: cloud trail
 10258 | D:7      | XOM: give mutations
 10258 | D:7      | Gained mutation: You are frail. (-10% HP) [Xom's mischief]
 10258 | D:7      | Lost mutation: You are frail. (-10% HP) [Xom's mischief]
 10424 | D:8      | XOM: 3-stop teleportation journey
 10450 | D:8      | XOM: scenery: 1 doors open, 1 doors close
 10480 | D:8      | Noticed a two-headed ogre
 10493 | D:8      | Killed a two-headed ogre
 10580 | D:7      | Reached XP level 10. HP: 30/73 MP: 10/13
 11110 | D:8      | Found a stormy altar of Qazlal.
 11214 | D:8      | Reached skill level 5 in Evocations
 11433 | D:8      | Noticed a three-headed hydra
 11649 | D:8      | XOM: summons 5 hostile demons
 11795 | D:8      | XOM: noise
 11908 | D:8      | XOM: summons 9 hostile demons
 11999 | D:8      | Found Bexaatoi's Fire Supplies.
 12007 | D:8      | Bought a scroll of immolation for 35 gold pieces
 12007 | D:8      | Bought a wand of flame (11) for 65 gold pieces
 12333 | D:9      | XOM: summons 1 hostile demon
 12462 | D:9      | Reached skill level 5 in Invocations
 12771 | D:9      | XOM: 2-stop teleportation journey
 12781 | D:9      | Reached skill level 9 in Fighting
 13154 | D:8      | XOM: confusion (+ monsters)
 13340 | D:9      | Noticed a two-headed ogre
 13353 | D:9      | Killed a two-headed ogre
 14325 | D:10     | Entered Level 10 of the Dungeon
 14360 | D:10     | XOM: god gift: 4 silver javelins
 14411 | D:10     | Found a staircase to the Orcish Mines.
 14425 | D:10     | Reached *** piety under Okawaru
 14426 | D:10     | Reached skill level 10 in Fighting
 14859 | D:10     | Reached XP level 11. HP: 81/81 MP: 11/14
 14993 | D:10     | Found a sparkling altar of Nemelex Xobeh.
 15629 | D:8      | Killed a three-headed hydra
 15779 | D:11     | Noticed a two-headed ogre
 15787 | D:11     | Killed a two-headed ogre
 15788 | D:11     | Reached skill level 11 in Fighting
 16001 | D:11     | Noticed a two-headed ogre
 16013 | D:11     | Killed a two-headed ogre
 16094 | D:11     | Noticed an oklob plant
 16094 | D:11     | Noticed an oklob plant
 16095 | D:11     | Noticed an oklob plant
 16096 | D:11     | Found a staircase to the Lair.
 16202 | D:11     | XOM: 1-stop teleportation journey
 16202 | D:11     | Was forgiven by Xom
 16386 | D:11     | Noticed a four-headed hydra
 16397 | D:11     | Killed a four-headed hydra
 16397 | D:11     | Reached **** piety under Okawaru
 16676 | D:11     | Noticed a manticore
 16685 | D:11     | Killed a manticore
 17351 | D:11     | Reached skill level 12 in Fighting
 17598 | D:12     | Noticed a manticore
 17604 | D:12     | Killed a manticore
 17624 | D:12     | Noticed a boulder beetle
 17944 | D:12     | Found a transporter.
 18195 | D:8      | Reached skill level 10 in Unarmed Combat
 18200 | D:8      | Reached skill level 1 in Transmutations
 18269 | D:8      | Found a stormy altar of Qazlal.
 18427 | D:8      | Found Bexaatoi's Fire Supplies.
 18569 | D:11     | Killed an oklob plant
 18570 | D:11     | Reached skill level 1 in Spellcasting
 18823 | D:11     | Killed an oklob plant
 19011 | D:11     | Killed an oklob plant
 19012 | D:11     | Reached XP level 12. HP: 65/91 MP: 13/15
 19123 | D:11     | Learned a level 3 spell: Mephitic Cloud
 19124 | Lair:1   | Entered Level 1 of the Lair of Beasts
 19417 | Lair:2   | Noticed an eight-headed hydra
 19431 | Lair:2   | Noticed Urug
 19442 | Lair:2   | Found a hole to the Spider Nest.
 19595 | Lair:2   | Killed Urug
 19596 | Lair:2   | Reached skill level 5 in Transmutations
 20017 | Lair:2   | Noticed an eight-headed hydra
 21006 | Lair:2   | Found a staircase to the Shoals.
 21094 | Lair:3   | Noticed a seven-headed hydra
 22237 | Lair:4   | Reached skill level 5 in Spellcasting
 22426 | Lair:4   | Noticed a seven-headed hydra
 22442 | Lair:4   | Killed a seven-headed hydra
 23519 | Lair:5   | Reached XP level 13. HP: 75/97 MP: 21/21
 23906 | Lair:5   | Reached skill level 10 in Transmutations
 24333 | Lair:5   | Reached ***** piety under Okawaru
 24951 | Lair:5   | Learned a level 2 spell: Blink
 24955 | Lair:5   | Learned a level 3 spell: Lesser Beckoning
 24961 | Lair:5   | Learned a level 5 spell: Manifold Assault
 24962 | Lair:6   | Entered Level 6 of the Lair of Beasts
 25190 | Lair:6   | Reached skill level 1 in Translocations
 26562 | D:12     | Noticed HessuHobo's ghost (novice OgFE)
 26592 | D:12     | Found a transporter.
 26819 | D:12     | Slain by a boulder beetle

Illustrated notes

Levels and vault maps discovered:
D:1:      saegor_arrival_simple_b, layout_loops_cross,
          hellmonk_ecumenical_altar_lost_god, minivault_19
D:2:      layout_rooms, kennysheep_decorative_pillar, uniq_natasha
D:3:      minmay_chambers_of_twos, layout_basic,
          mainiacjoe_overflow_small_starburst, chequers_big_river,
          hangedman_decor_push
D:4:      layout_cave_pods, chei_slow_surprise, uniq_eustachio
D:5:      layout_rooms
D:6:      layout_loops_cross, serial_shops, shop, shop_statue, uniq_menkaure
D:7:      layout_rooms, minmay_temple_entry_statues_fountains, serial_glass,
          glass_columns_a, glass_columns_a
D:8:      layout_gridville, mainiacjoe_overflow_alcove_1, nicolae_shop_fire_sale
          [nicolae_sub_dead_trees], minmay_fountain_box, hangedman_ranch
D:9:      layout_basic, dk_rats_in_the_wall
D:10:     layout_basic, mainiacjoe_overflow_alcove_2, orc_0_dummy
D:11:     layout_roguey, dpeg_oklobed_lair, serial_aquarium,
          aquarium_bridge_square [aquarium_subvault_window,
          aquarium_subvault_bridge, aquarium_subvault_balcony,
          aquarium_subvault_window], aquarium_window_fake, aquarium_window_2,
          aquarium_window_corner, aquarium_view_2c, aquarium_balcony_3a
D:12:     layout_long_grid, gammafunk_ghost_stat_death
Lair:1:   layout_small_grid, grunt_megastairs_1
Lair:2:   layout_small_grid, shoals_dummy_entry, spider_nest_entry_web_field,
          roderic_carrion_pond, uniq_urug
Lair:3:   cheibrodos_lair_overgrown_chateau, layout_regular_city
Lair:4:   layout_gridlike, minivault_24, lemuel_fruit_fields
Lair:5:   layout_regular_city, minivault_27, st_stairs_4,
          chequers_serial_rivers_large_a
Lair:6:   hangedman_lair_tendril_chambers, layout_regular_city,
          dpeg_slime_entry_enclosed_altar, lemuel_fruit_tree, uniq_josephine

Skill      XL: |  1  2  3  4  5  6  7  8  9 10 11 12 13 |
---------------+----------------------------------------+-----
Unarmed Combat | 4 5 6 7 8 10 | 10.0
Fighting       | 4 5 6 8 10 12 | 12.0
Evocations     | 1 2 4 5 |  5.0
Invocations    | 2 3 4 5 |  5.0
Dodging        | 5 7 8 9 |  9.0
Transmutations | 3 9 11 | 11.5
Spellcasting   | 2 5 7 |  7.5
Translocations | 3 |  3.5

Action                   |  1- 3 |  4- 6 |  7- 9 | 10-12 | 13-15 || total
-------------------------+-------+-------+-------+-------+-------++-------
Melee: Unarmed           |    54 |   181 |   217 |   523 |   204 ||  1179
       Constrict         |    11 |    49 |    47 |    86 |    13 ||   206
       Tentacles         |     7 |    36 |    43 |   109 |    59 ||   254
       Punch             |     2 |    11 |    21 |    73 |    40 ||   147
Throw: Dart              |       |       |    18 |    44 |    19 ||    81
       Stone             |       |       |       |     2 |       ||     2
       Throwing net      |       |       |       |     1 |       ||     1
Invok: Heroism           |       |       |    24 |    64 |    19 ||   107
Evoke: Wand              |       |     3 |     9 |    39 |    22 ||    73
       Phial of floods   |       |       |       |       |     1 ||     1
  Use: Potion            |       |     1 |     7 |     3 |     2 ||    13
       Scroll            |       |       |    10 |    12 |     1 ||    23
 Stab: Sleeping          |     8 |     9 |     2 |     9 |       ||    28
       Distracted        |       |       |       |     1 |       ||     1
       Held in net/web   |       |       |       |     1 |       ||     1
       Paralysed         |       |       |       |       |    22 ||    22
Armor: Skin              |     6 |    14 |     6 |    30 |     5 ||    61
Dodge: Dodged            |    26 |    95 |   146 |   396 |   119 ||   782
Block: Other             |       |       |       |    46 |    30 ||    76

Table legend: (Time is in decaauts)
 A = Elapsed time spent in this place.
 B = Non-inter-level travel time spent in this place.
 C = Inter-level travel time spent in this place.
 D = Time resting spent in this place.
 E = Time spent auto-exploring this place.
 F = Levels seen in this place.
 G = Mean time per level.
                   A        B        C        D        E       F      G
               +--------+--------+--------+--------+--------+-----+--------+
         Total |  26625 |  25565 |   1060 |   8379 |  13520 |  18 | 1479.2 |
       Dungeon |  19400 |  18545 |    855 |   6415 |   9548 |  12 | 1616.7 |
          Lair |   7225 |   7021 |    204 |   1964 |   3972 |   6 | 1204.2 |
               +--------+--------+--------+--------+--------+-----+--------+

Top non-repeatable levels by time:
     D:6: 2605 daAuts
     D:8: 2488 daAuts
    D:11: 2428 daAuts
     D:4: 2348 daAuts
     D:9: 2118 daAuts
  Lair:4: 1804 daAuts
     D:3: 1785 daAuts
  Lair:2: 1655 daAuts
  Lair:5: 1462 daAuts
     D:5: 1165 daAuts
  Lair:1: 1114 daAuts
    D:10: 1096 daAuts
     D:2: 1080 daAuts
     D:1: 1061 daAuts
  Lair:3: 861 daAuts
